[Event "Titled Tuesday Blitz August 15 Early 2023"]
[White "Iskusnyh, Sergei"]
[Black "Lehtosaari, Mauri"]
[WhiteFideId "4120027"]
[BlackFideId "501999"]
[WhiteElo "2641"]
[BlackElo "2515"]
[Result "0-1"]
[Round "8"]
[TimeControl "180+1"]
[Date "2023.08.15"]
[WhiteClock "0:00:00"]
[BlackClock "0:00:05"]
[Board "67"]

1. d4 d5 2. c4 c6 3. Nf3 Nf6 4. e3 Bg4 5. h3 Bh5 6. g4 Bg6 7. Ne5 e6 8. Nd2 Nfd7 9. Nxg6 hxg6 10. Bg2 Nf6 11. O-O Nbd7 12. Re1 Be7 13. e4 Nxe4 14. Nxe4 dxe4 15. Rxe4 Nf6 16. Re2 O-O 17. Be3 Re8 18. Qb3 Rb8 19. Rd1 Qc7 20. Qc2 Red8 21. g5 Nh5 22. Qe4 Bd6 23. c5 Bf4 24. b4 a6 25. Red2 Rd5 26. Re1 Rxg5 27. Kf1 Rd5 28. Qf3 Bxe3 29. Rxe3 Rbd8 30. Qg4 R5d7 31. Be4 Rxd4 32. Rxd4 Rxd4 33. Rd3 Nf6 34. Rxd4 Nxg4 35. hxg4 Qe5 36. Rc4 Qa1+ 37. Kg2 Qxa2 38. Rd4 Qb2 39. Rd8+ Kh7 40. Rd7 Qxb4 41. f3 Qxc5 42. Rxf7 Kh6 43. Rd7 b5 44. Rd8 Kg5 45. Kg3 Qe5+ 46. Kh3 Kf4 0-1


[Site "https://www.chess.com"]

[Event "Titled Tuesday Blitz August 15 Early 2023"]
[White "Ovchinnikov, Vsevolod"]
[Black "FunnyDuck66"]
[WhiteFideId "24176842"]
[WhiteElo "2637"]
[BlackElo "2506"]
[Result "1-0"]
[Round "8"]
[TimeControl "180+1"]
[Date "2023.08.15"]
[WhiteClock "0:00:04"]
[BlackClock "0:00:00"]
[Board "68"]

1. d4 Nf6 2. c4 e6 3. g3 Bb4+ 4. Bd2 Qe7 5. Bg2 Nc6 6. d5 exd5 7. cxd5 Ne5 8. Qb3 Bxd2+ 9. Nxd2 d6 10. Ngf3 Nxf3+ 11. Bxf3 O-O 12. O-O Bf5 13. Rac1 Rab8 14. Rc4 Rfc8 15. Rfc1 c5 16. dxc6 bxc6 17. Qa3 c5 18. Kg2 Be6 19. Ra4 Rc7 20. b4 c4 21. Qe3 d5 22. a3 Qd7 23. Ra5 d4 24. Qe5 c3 25. Ne4 Nxe4 26. Qxe4 Rd8 27. h4 h6 28. Qe5 Qd6 29. Qxd6 Rxd6 30. Be4 g6 31. Bd3 f5 32. f4 Bd5+ 33. Kf2 Re7 34. Rxd5 Rxd5 35. Bc4 Rd7 36. e3 Kf8 37. Bxd5 d3 38. Bb3 Rc7 39. Kf3 Ke7 40. e4 c2 41. Bxc2 d2 42. Rd1 Rxc2 43. exf5 gxf5 44. Ke2 Ra2 45. Rxd2 Rxa3 46. Rd3 Ra2+ 47. Kf3 a5 48. bxa5 Rxa5 49. Re3+ Kf6 50. Rb3 Ra6 51. Kg2 h5 52. Kf3 Rc6 53. Ke3 Ra6 54. Kd4 Ke6 55. Kc5 Rd6 56. Re3+ Kd7 57. Ra3 1-0


[Site "https://www.chess.com"]

[Event "Titled Tuesday Blitz August 15 Early 2023"]
[White "feuervogel1000000"]
[Black "Omorjan, Dejan"]
[BlackFideId "955345"]
[WhiteElo "2505"]
[BlackElo "2637"]
[Result "0-1"]
[Round "8"]
[TimeControl "180+1"]
[Date "2023.08.15"]
[WhiteClock "0:00:06"]
[BlackClock "0:00:07"]
[Board "69"]

1. e4 d6 2. d4 Nf6 3. Nc3 e5 4. Nf3 Nbd7 5. Rg1 g6 6. g4 exd4 7. Nxd4 Bg7 8. g5 Nxe4 9. Nxe4 Qe7 10. Bg2 Nc5 11. Be3 Nxe4 12. Qe2 O-O 13. O-O-O Nxg5 14. h4 Ne6 15. Nb5 Nf4 16. Qf3 Nxg2 17. Rxg2 Qe5 18. Nc3 c6 19. Bd4 Qf5 20. Qe3 Be6 21. Rg5 Qh3 22. Rg3 Qxh4 23. Bxg7 Kxg7 24. Ne4 d5 25. Ng5 Rae8 26. Qxa7 Qf4+ 27. Kb1 h6 28. Nxe6+ Rxe6 29. Qxb7 Qxf2 30. Rc3 Re1 31. Rd3 Qe2 32. Kc1 Rxd1+ 33. Rxd1 Qe3+ 34. Kb1 Qe6 35. Qb6 h5 36. a4 h4 37. a5 h3 38. a6 h2 39. Qf2 Rh8 40. Rh1 Qe5 41. a7 d4 42. Rxh2 Rxh2 43. Qxh2 Qxh2 44. a8=Q Qg2 45. Qd8 Qf1+ 46. Ka2 Qf6 47. Qc8 Qe6+ 48. Qxe6 fxe6 49. Kb3 g5 50. Kc4 e5 51. Kd3 Kf6 52. Ke4 Ke6 53. c3 dxc3 54. bxc3 Kf6 55. c4 Ke6 56. c5 Kf6 0-1


[Site "https://www.chess.com"]

[Event "Titled Tuesday Blitz August 15 Early 2023"]
[White "Mihailidis, Anastasios"]
[Black "Shuvalova, Polina"]
[WhiteFideId "4205588"]
[BlackFideId "24171760"]
[WhiteElo "2500"]
[BlackElo "2636"]
[Result "0-1"]
[Round "8"]
[TimeControl "180+1"]
[Date "2023.08.15"]
[WhiteClock "0:00:18"]
[BlackClock "0:00:40"]
[Board "70"]

1. e4 c6 2. d4 d5 3. exd5 cxd5 4. Bd3 Nc6 5. c3 Nf6 6. Bf4 Bg4 7. Qb3 Qd7 8. Nd2 e6 9. Ngf3 Bd6 10. Bxd6 Qxd6 11. O-O O-O 12. Qxb7 Rfb8 13. Qa6 Rb6 14. Qa3 Qxa3 15. bxa3 Rab8 16. Rab1 Bxf3 17. Nxf3 g6 18. a4 Ne4 19. Bxe4 dxe4 20. Nd2 f5 21. Rb3 Na5 22. Rxb6 Rxb6 23. Rb1 Rxb1+ 24. Nxb1 Nc4 25. Kf1 f4 26. Ke2 e3 27. g3 g5 28. h4 fxg3 29. fxg3 gxh4 30. gxh4 a5 31. Na3 Nxa3 32. Kxe3 Nc4+ 33. Ke4 Kf7 34. d5 Nb6 35. c4 Nxc4 36. Kd4 exd5 37. Kxd5 Nb6+ 38. Kc6 Nxa4 39. a3 Nc3 40. Kb6 a4 41. Kc5 Nb1 42. Kb4 Kg6 43. Kxa4 Kh5 44. Kb3 Nxa3 45. Kxa3 Kxh4 46. Kb3 Kg3 47. Kc3 h5 48. Kd3 h4 49. Ke2 Kg2 0-1


[Site "https://www.chess.com"]

[Event "Titled Tuesday Blitz August 15 Early 2023"]
[White "Sipila, Vilka"]
[Black "arenal72"]
[WhiteFideId "505455"]
[WhiteElo "2631"]
[BlackElo "2497"]
[Result "1-0"]
[Round "8"]
[TimeControl "180+1"]
[Date "2023.08.15"]
[WhiteClock "0:00:14"]
[BlackClock "0:00:26"]
[Board "71"]

1. d4 d6 2. Bf4 Nf6 3. Nf3 g6 4. Nc3 Bg7 5. e4 O-O 6. Qd2 a6 7. a4 c5 8. dxc5 dxc5 9. Qxd8 Rxd8 10. e5 Nh5 11. Be3 Bg4 12. Be2 Nc6 13. Bxc5 Nf4 14. Ng5 Bxe2 15. Nxe2 Nxe2 16. Kxe2 Rd5 17. Be3 Bxe5 18. Rhd1 Rad8 19. c3 h5 20. Ne4 Na5 21. Nc5 Rxd1 22. Rxd1 Rxd1 23. Kxd1 Nc4 24. Bc1 b5 25. Nxa6 bxa4 26. Kc2 Bxh2 27. Nc5 a3 28. bxa3 Bd6 29. Kd3 Bxc5 30. Kxc4 Bxf2 31. a4 f5 32. a5 Kf7 33. a6 e5 34. Ba3 Ke6 35. Bc5 Bxc5 36. Kxc5 e4 37. Kd4 e3 38. Kxe3 Ke5 39. a7 f4+ 40. Kf2 g5 41. a8=Q g4 42. Qa5+ Ke4 43. Qxh5 g3+ 44. Ke2 f3+ 45. Qxf3+ Ke5 46. Qxg3+ Kd5 47. Qf4 Kc5 48. Qd4+ Kb5 49. Qb4+ Kc6 50. Kd3 Kd5 51. Qb5+ Ke6 52. Ke4 Kf6 53. Kf4 Ke6 54. Qc6+ Ke7 55. Kf5 Kf7 56. Qd7+ Kf8 57. Kg6 Kg8 58. c4 Kf8 59. c5 Kg8 60. c6 Kf8 61. c7 Kg8 62. c8=Q# 1-0


[Site "https://www.chess.com"]

[Event "Titled Tuesday Blitz August 15 Early 2023"]
[White "Nguyen Hong Nhung"]
[Black "Ezat, Mohamed"]
[WhiteFideId "12412201"]
[BlackFideId "10600906"]
[WhiteElo "2490"]
[BlackElo "2622"]
[Result "1-0"]
[Round "8"]
[TimeControl "180+1"]
[Date "2023.08.15"]
[WhiteClock "0:00:12"]
[BlackClock "0:00:05"]
[Board "72"]

1. e4 c6 2. d4 d5 3. Nc3 dxe4 4. Nxe4 Nf6 5. Nxf6+ exf6 6. Be3 Bd6 7. Bd3 O-O 8. Ne2 Qc7 9. h3 c5 10. dxc5 Bxc5 11. Bxc5 Qxc5 12. O-O Nc6 13. Nc3 Ne5 14. Be4 Be6 15. Re1 Rfd8 16. Qe2 Nc4 17. b3 Nd6 18. Na4 Qc7 19. c4 g6 20. Bf3 Nf5 21. Qe4 Rab8 22. Rad1 Bd7 23. Nc3 Bc6 24. Nd5 Bxd5 25. Rxd5 Re8 26. Qxe8+ Rxe8 27. Rxe8+ Kg7 28. Re2 b6 29. Red2 Qf4 30. Rd7 a5 31. Rd1 h5 32. Bd5 Nh6 33. Rb7 Qd6 34. Re1 Qb4 35. Ree7 Qd2 36. g3 h4 37. g4 f5 38. Bxf7 fxg4 39. Bd5+ Kf6 40. Re6+ Kf5 41. Rbe7 g3 42. fxg3 hxg3 43. Re2 Qc1+ 44. Kg2 Kg5 45. Be4 Nf5 46. Bxf5 gxf5 47. Rg7+ Kh4 48. Rxg3 Qf4 49. Rf3 Qd4 50. Ref2 Qd1 51. Rf4+ Kg5 52. Rxf5+ Kg6 53. Rf6+ Kg7 54. Rxb6 Qd4 55. Rb7+ Kg6 56. Rbf7 Qe4+ 57. R7f3 Kg5 58. Kh2 Qe5+ 59. Kg1 Qe1+ 60. Rf1 Qe4 61. Rg3+ Kh5 62. Rf2 Qe1+ 63. Kg2 Qe4+ 64. Kh2 Qe5 65. Rd2 Kh4 66. Rg2 Qf4 67. Kg1 Qc1+ 68. Kf2 Qd2+ 69. Kf3 Qd3+ 70. Kf2 Qd2+ 71. Kg1 Qe1+ 72. Kh2 Qe5 73. a3 Qc7 74. b4 a4 75. c5 Qc6 76. Rg4+ Kh5 77. Rg5+ Kh6 78. Rg6+ Kh5 79. Rxc6 Kh4 80. Rh6# 1-0


[Site "https://www.chess.com"]

[Event "Titled Tuesday Blitz August 15 Early 2023"]
[White "Kuzhilniy, Oleksandr"]
[Black "Bochnicka, Vladimir"]
[WhiteFideId "34110500"]
[BlackFideId "14943450"]
[WhiteElo "2619"]
[BlackElo "2483"]
[Result "1-0"]
[Round "8"]
[TimeControl "180+1"]
[Date "2023.08.15"]
[WhiteClock "0:00:09"]
[BlackClock "0:00:12"]
[Board "73"]

1. Nf3 d5 2. e3 Bg4 3. h3 Bxf3 4. Qxf3 Nf6 5. c4 e6 6. b3 c6 7. Bb2 Bd6 8. d4 Nbd7 9. Bd3 O-O 10. O-O Re8 11. Nc3 e5 12. cxd5 cxd5 13. dxe5 Nxe5 14. Qd1 Rc8 15. Nb5 Bb8 16. Bf5 Rc5 17. Nd4 Ne4 18. Nf3 Nxf3+ 19. Qxf3 Rc2 20. Bd4 Be5 21. Bxe4 dxe4 22. Qd1 Qc8 23. Rc1 Rxc1 24. Qxc1 Bxd4 25. exd4 g6 26. Qc4 Rd8 27. d5 Qf5 28. Rd1 Rd6 29. Qc5 Qe5 30. Qxa7 Rxd5 31. Re1 Rd7 32. Qe3 f5 33. Rc1 Qd5 34. Qh6 Rd8 35. Rc7 Rd7 36. Rc8+ Rd8 37. Rc1 Kf7 38. Qxh7+ Kf6 39. Qh4+ Kf7 40. Rc7+ Rd7 41. Qh7+ Ke6 42. Rxd7 Qxd7 43. Qxd7+ Kxd7 44. Kf1 Kc6 45. Ke2 Kc5 46. a3 b5 47. g3 Kd4 48. Kd2 g5 49. h4 gxh4 50. gxh4 f4 51. h5 e3+ 52. fxe3+ fxe3+ 53. Ke2 Ke5 54. Kxe3 Kf5 55. Kd4 Kg5 56. Kc5 Kxh5 57. Kxb5 Kg6 58. a4 Kf6 1-0


[Site "https://www.chess.com"]

[Event "Titled Tuesday Blitz August 15 Early 2023"]
[White "Dias, Paulo"]
[Black "Gamayev, Oleg"]
[WhiteFideId "1900803"]
[BlackFideId "2802813"]
[WhiteElo "2482"]
[BlackElo "2616"]
[Result "1-0"]
[Round "8"]
[TimeControl "180+1"]
[Date "2023.08.15"]
[WhiteClock "0:01:36"]
[BlackClock "0:02:24"]
[Board "74"]

1. e4 d6 2. d4 Nf6 3. Nc3 e5 4. dxe5 dxe5 5. Qxd8+ Kxd8 6. Bc4 Be6 7. Bxe6 fxe6 8. Nge2 Bd6 9. f3 Nc6 10. Be3 a6 11. O-O-O Ke7 12. Nb1 h6 13. Nd2 b6 14. Nc4 b5 15. Nd2 Nd7 16. Nb3 a5 17. Nc3 Rhb8 18. Kb1 a4 19. Nd2 b4 20. Ne2 Na5 21. f4 b3 22. cxb3 axb3 23. a3 Nb6 24. fxe5 Bxa3 25. bxa3 Nbc4 26. Nxc4 Nxc4 27. Bc5+ Ke8 28. Rhf1 Nxa3+ 29. Kb2 Nc4+ 30. Kc3 Nd6 31. exd6 cxd6 32. Bxd6 Rc8+ 33. Kxb3 Kd7 34. Rf7+ Kc6 35. Bb4 1-0


[Site "https://www.chess.com"]

[Event "Titled Tuesday Blitz August 15 Early 2023"]
[White "Ibadov, Dashgyn"]
[Black "Molenda, Marcin"]
[WhiteFideId "24107514"]
[BlackFideId "1173065"]
[WhiteElo "2604"]
[BlackElo "2476"]
[Result "1-0"]
[Round "8"]
[TimeControl "180+1"]
[Date "2023.08.15"]
[WhiteClock "0:02:31"]
[BlackClock "0:01:15"]
[Board "76"]

1. e4 e6 2. d4 d5 3. Nc3 dxe4 4. Nxe4 Bd7 5. Nf3 Bc6 6. Bd3 Nd7 7. Qe2 Ngf6 8. Neg5 Qe7 9. Bd2 h6 10. Ne4 Nxe4 11. Bxe4 Bxe4 12. Qxe4 c6 13. O-O Qf6 14. c4 Be7 15. Bc3 O-O 16. d5 cxd5 17. cxd5 exd5 18. Qg4 h5 19. Qxd7 1-0


[Site "https://www.chess.com"]

[Event "Titled Tuesday Blitz August 15 Early 2023"]
[White "Golubev, Mikhail"]
[Black "Shuvalov, Evgenij"]
[WhiteFideId "14100983"]
[BlackFideId "4187237"]
[WhiteElo "2604"]
[BlackElo "2473"]
[Result "1-0"]
[Round "8"]
[TimeControl "180+1"]
[Date "2023.08.15"]
[WhiteClock "0:00:47"]
[BlackClock "0:00:07"]
[Board "77"]

1. e4 e6 2. d4 d5 3. Nc3 Bb4 4. e5 c5 5. a3 Bxc3+ 6. bxc3 Ne7 7. a4 Nbc6 8. Nf3 Qc7 9. Ba3 Qa5 10. Qd2 cxd4 11. cxd4 Qxd2+ 12. Kxd2 Bd7 13. a5 Nf5 14. Bc5 f6 15. Bd3 fxe5 16. Bxf5 exf5 17. Nxe5 Nxe5 18. Rhe1 Kf7 19. Rxe5 Rhe8 20. Rxd5 Bc6 21. Rxf5+ Kg6 22. Rf4 Bb5 23. Rb1 a6 24. Rb3 Re2+ 25. Kc1 h6 26. Rg3+ Kh7 27. Rf7 Rg8 28. Bf8 Ba4 29. Bxg7 Be8 30. Rc7 h5 31. Be5+ Kh6 32. Rxg8 1-0


[Site "https://www.chess.com"]

[Event "Titled Tuesday Blitz August 15 Early 2023"]
[White "Itkis, Boris"]
[Black "Budrewicz, Krzysztof"]
[WhiteFideId "1209167"]
[BlackFideId "1127950"]
[WhiteElo "2470"]
[BlackElo "2594"]
[Result "1-0"]
[Round "8"]
[TimeControl "180+1"]
[Date "2023.08.15"]
[WhiteClock "0:00:25"]
[BlackClock "0:00:20"]
[Board "78"]

1. c4 e5 2. Nf3 Nc6 3. Nc3 Bb4 4. Nd5 Be7 5. d4 exd4 6. Nxd4 Nf6 7. Nxe7 Qxe7 8. Nxc6 dxc6 9. e3 O-O 10. Be2 Bf5 11. O-O Rad8 12. Qb3 b6 13. Rd1 Ne4 14. f3 Nc5 15. Qc3 Rxd1+ 16. Bxd1 Rd8 17. Be2 a5 18. e4 Be6 19. Be3 h5 20. Rd1 Rxd1+ 21. Bxd1 h4 22. a3 h3 23. g3 f6 24. Kf2 Nd7 25. Be2 Ne5 26. c5 bxc5 27. Qxc5 Qd7 28. Qxa5 Nd3+ 29. Bxd3 Qxd3 30. Qd2 Qc4 31. Bf4 Qa2 32. g4 Qb1 33. Kg3 g5 34. Be3 Qf1 35. Qf2 Qd3 36. Kxh3 Kf7 37. Kg3 Kg6 38. Qd2 Qf1 39. Bf2 Bc4 40. Qe1 Qd3 41. Qe3 Qc2 42. Qc3 Qe2 43. a4 Bd3 44. a5 Bb5 45. b4 Qf1 46. Qd4 Qe2 47. Qd8 Kf7 48. Qxc7+ Ke6 49. Qc8+ Kf7 50. Qd7+ Kg6 51. Qf5+ Kf7 52. Qc5 Qd3 53. Qd4 Qe2 54. Qe3 Qc4 55. Qc5 Qe2 56. a6 Bxa6 57. Qxc6 Bb5 58. Qd5+ Kg6 59. Qg8+ Kh6 60. Qh8+ Kg6 61. h4 gxh4+ 62. Qxh4 Qd3 63. Qh5+ Kg7 64. Qd5 Qf1 65. g5 fxg5 66. Bd4+ Kf8 67. Qf5+ Ke8 68. Qe6+ Kf8 69. Bc5+ Kg7 70. Qe5+ Kf7 71. Qf5+ Ke8 72. Qe6+ Kd8 73. Bb6# 1-0


[Site "https://www.chess.com"]

[Event "Titled Tuesday Blitz August 15 Early 2023"]
[White "Bobkov, Vadim"]
[Black "Sadykov, Ramil"]
[WhiteFideId "34110876"]
[BlackFideId "24113590"]
[WhiteElo "2469"]
[BlackElo "2593"]
[Result "0-1"]
[Round "8"]
[TimeControl "180+1"]
[Date "2023.08.15"]
[WhiteClock "0:00:00"]
[BlackClock "0:00:02"]
[Board "79"]

1. d4 Nf6 2. c4 e6 3. Nc3 Bb4 4. f3 O-O 5. a3 Bxc3+ 6. bxc3 d6 7. e4 h6 8. Bd3 c5 9. f4 e5 10. Nf3 Bg4 11. O-O Nc6 12. d5 Na5 13. f5 Nh7 14. Rb1 Rb8 15. Qa4 Bxf3 16. Rxf3 b6 17. g4 f6 18. h4 Rf7 19. Be3 Rfb7 20. Rg3 Qe8 21. Qc2 b5 22. cxb5 c4 23. Be2 Rxb5 24. Rxb5 Qxb5 25. Bxa7 Qb3 26. Bd1 Rb7 27. Bf2 Qxa3 28. Qa4 Qc1 29. Re3 Rb2 30. Re1 Qxc3 31. Re2 Rxe2 32. Bxe2 Nf8 33. Kf1 Nb3 34. Be1 Qe3 35. Qxc4 Nd2+ 36. Bxd2 Qxd2 37. Qd3 Qf4+ 38. Kg2 h5 39. gxh5 Nd7 40. Qg3 Qd2 0-1


[Site "https://www.chess.com"]

[Event "Titled Tuesday Blitz August 15 Early 2023"]
[White "Musovic, Armin"]
[Black "Yeritsyan, Hayk"]
[WhiteFideId "939935"]
[BlackFideId "13307320"]
[WhiteElo "2579"]
[BlackElo "2443"]
[Result "0-1"]
[Round "8"]
[TimeControl "180+1"]
[Date "2023.08.15"]
[WhiteClock "0:00:13"]
[BlackClock "0:00:11"]
[Board "80"]

1. e4 c6 2. d4 d5 3. exd5 cxd5 4. c4 Nf6 5. Nc3 Nc6 6. Nf3 a6 7. cxd5 Nxd5 8. Qb3 Be6 9. Qxb7 Na5 10. Bb5+ axb5 11. Qxb5+ Qd7 12. Qxd7+ Kxd7 13. Ne5+ Ke8 14. O-O Nxc3 15. bxc3 f6 16. Nf3 Bd5 17. Nh4 e6 18. f4 f5 19. Re1 Kd7 20. g3 Bd6 21. Ng2 Nc4 22. Re2 Ra4 23. Ne1 Rha8 24. Nd3 Be4 25. Ne1 Ba3 26. Bxa3 Rxa3 27. Kf2 Rxc3 28. a4 Ra3 29. Rxa3 Nxa3 30. Rb2 Rxa4 31. Rb8 Ke7 32. Rh8 h6 33. Ke3 Nc4+ 34. Kf2 Ra2+ 35. Kg1 Nb6 36. Rb8 Nd5 37. Rc8 g5 38. fxg5 hxg5 39. h4 gxh4 40. gxh4 Ra4 41. h5 Kf6 42. Rf8+ Kg7 43. Rd8 Ra6 44. Rd7+ Kh6 45. Kf2 Kxh5 46. Kg3 Kg5 47. Rg7+ Kf6 48. Rg8 Ra3+ 49. Kh4 Ra1 50. Rg1 Ne3 51. Nf3 Rxg1 52. Nxg1 Bd5 53. Ne2 Nc2 54. Kg3 Bc4 55. Nc3 Nxd4 56. Na4 Bd5 57. Nc5 Ke5 58. Nd7+ Kd6 59. Nf8 Nc6 60. Ng6 e5 61. Nh4 Ke6 62. Kf2 f4 63. Ng6 Be4 64. Nh4 Nd4 65. Kf1 Kf6 66. Kf2 Kg5 67. Ng2 Bxg2 68. Kxg2 e4 69. Kh3 Ne6 70. Kg2 Kf5 71. Kh3 Ke5 72. Kg2 Kd4 73. Kf2 e3+ 74. Ke2 Ke4 75. Ke1 f3 76. Kf1 Kd3 77. Kg1 e2 78. Kh2 e1=Q 79. Kh3 f2 80. Kh2 Nc5 81. Kg2 f1=Q+ 0-1


[Site "https://www.chess.com"]

[Event "Titled Tuesday Blitz August 15 Early 2023"]
[White "Kozelov, Roman"]
[Black "Onufrienko, Vladislav"]
[WhiteFideId "14133377"]
[BlackFideId "13804332"]
[WhiteElo "2411"]
[BlackElo "2575"]
[Result "0-1"]
[Round "8"]
[TimeControl "180+1"]
[Date "2023.08.15"]
[WhiteClock "0:00:17"]
[BlackClock "0:00:05"]
[Board "81"]

1. e4 Nf6 2. e5 Nd5 3. d4 d6 4. c4 Nb6 5. f4 dxe5 6. fxe5 Nc6 7. Be3 Bf5 8. Nc3 e6 9. Nf3 f6 10. exf6 Qxf6 11. Bd3 Bxd3 12. Qxd3 O-O-O 13. O-O-O h6 14. Rhf1 Nb4 15. Qe2 Qe7 16. Ne5 Rg8 17. a3 Nc6 18. Nxc6 bxc6 19. Ne4 Nd7 20. Qc2 Qh4 21. Bf4 Nb6 22. c5 Nd5 23. g3 Qh5 24. Qa4 Kd7 25. Rde1 Be7 26. Nd2 Rh8 27. Nc4 Bf6 28. Be5 Rhf8 29. Na5 Ne7 30. Bf4 Qd5 31. Kb1 Rb8 32. Nc4 Rbe8 33. Be5 Nf5 34. Bxf6 gxf6 35. Rc1 Nxd4 36. Rfd1 e5 37. Ne3 Qe4+ 38. Nc2 Ke7 39. Ka1 Nxc2+ 40. Rxc2 Qxa4 41. Rcd2 Rd8 42. Rxd8 Rxd8 43. Rc1 Rd2 44. Rc3 Qd1+ 45. Ka2 Qe2 46. Rb3 Qc4 47. a4 Rd3 0-1


[Site "https://www.chess.com"]

[Event "Titled Tuesday Blitz August 15 Early 2023"]
[White "Ovezdurdyyeva, Jemal"]
[Black "Aggelis, Nikolaos"]
[WhiteFideId "14001888"]
[BlackFideId "4213220"]
[WhiteElo "2396"]
[BlackElo "2573"]
[Result "0-1"]
[Round "8"]
[TimeControl "180+1"]
[Date "2023.08.15"]
[WhiteClock "0:00:00"]
[BlackClock "0:01:01"]
[Board "82"]

1. e4 c6 2. d4 d5 3. Nc3 dxe4 4. Nxe4 Nf6 5. Ng3 h5 6. h4 Bg4 7. Be2 e6 8. Bf4 Bd6 9. Bxd6 Qxd6 10. Nf3 Qb4+ 11. Qd2 Qxb2 12. O-O Qb6 13. Rab1 Qc7 14. Ne5 Nbd7 15. Nxg4 hxg4 16. Qg5 O-O-O 17. Rb4 Nd5 18. Rb3 Qf4 19. Bxg4 Qxg5 20. hxg5 Rh4 21. Bh3 Nf4 22. Rf3 Rdh8 23. c3 Kd8 24. Re1 Ke7 25. Re4 Nxh3+ 26. gxh3 Rxe4 27. Nxe4 Rh4 28. Nd2 Rh5 29. Rg3 Nb6 30. Kg2 Nd5 31. Kf1 Nf4 32. Ne4 Rxh3 33. Nc5 Rxg3 34. fxg3 Nd5 35. Ne4 b5 36. Ke2 a5 37. Kd3 Nb6 38. Nc5 a4 39. Na6 Kd6 40. Nb4 Nd5 41. Nc2 f5 42. gxf6 gxf6 43. Ne1 f5 44. Nf3 Nf6 45. Ng5 Kd5 46. Nf7 Ne4 0-1


[Site "https://www.chess.com"]

[Event "Titled Tuesday Blitz August 15 Early 2023"]
[White "Przybylski, Wojciech"]
[Black "MaryanKyrychenko"]
[WhiteFideId "1117599"]
[WhiteElo "2571"]
[BlackElo "2557"]
[Result "1-0"]
[Round "8"]
[TimeControl "180+1"]
[Date "2023.08.15"]
[WhiteClock "0:00:07"]
[BlackClock "0:01:03"]
[Board "83"]

1. d4 Nf6 2. c4 e6 3. Nf3 Bb4+ 4. Bd2 c5 5. e3 O-O 6. Bd3 Nc6 7. O-O d5 8. Bxb4 cxb4 9. Nbd2 a5 10. Rc1 Ne7 11. c5 b6 12. cxb6 Qxb6 13. Ne5 Ba6 14. Nb3 Ng6 15. Bxa6 Qxa6 16. Nc5 Qb5 17. f4 Nxe5 18. fxe5 Ne4 19. Nxe4 dxe4 20. Qg4 Qd5 21. b3 Rac8 22. Qf4 Qb7 23. h3 h6 24. Kh2 f5 25. exf6 Rxc1 26. Rxc1 Rxf6 27. Qe5 Rf2 28. Qxe6+ Kh7 29. Rc8 Rf6 30. Qg8+ Kg6 31. Qe8+ Kh7 32. h4 Qd5 33. Rc5 Qd6+ 34. Qe5 Qxe5+ 35. Rxe5 Rf2 36. Rxa5 Re2 37. Ra4 Rxe3 38. Rxb4 Re2 39. d5 e3 40. Re4 Rxa2 41. Rxe3 Rd2 42. Kg3 Rxd5 43. Rf3 Kg6 44. Kf2 Rd2+ 45. Kg3 Rb2 46. Re3 Kf6 47. Kf3 g5 48. hxg5+ hxg5 49. g3 Rb1 50. Kg4 Rb2 51. Rf3+ Kg6 52. Rc3 Kf6 53. Rc6+ Ke5 54. Rb6 Rg2 55. Rb5+ Kd4 56. Rxg5 Kc3 57. Rb5 1-0


[Site "https://www.chess.com"]

[Event "Titled Tuesday Blitz August 15 Early 2023"]
[White "Akylbek2021"]
[Black "Eynullayev, Altay"]
[BlackFideId "13413562"]
[WhiteElo "2360"]
[BlackElo "2558"]
[Result "0-1"]
[Round "8"]
[TimeControl "180+1"]
[Date "2023.08.15"]
[WhiteClock "0:00:28"]
[BlackClock "0:00:12"]
[Board "84"]

1. d4 Nf6 2. Bf4 e6 3. Nc3 d5 4. Nb5 Bb4+ 5. c3 Ba5 6. a4 a6 7. b4 axb5 8. axb5 O-O 9. bxa5 Nh5 10. Bg3 Nxg3 11. hxg3 c5 12. e3 Rxa5 13. dxc5 Rxa1 14. Qxa1 Nd7 15. Qb1 f5 16. Qb4 Qc7 17. Nf3 Qxc5 18. Qxc5 Nxc5 19. Ne5 Nd7 20. Nd3 e5 21. Nb4 Nb6 22. Kd2 Be6 23. Be2 Ra8 24. Kc2 h6 25. Kb2 Na4+ 26. Kc2 Rc8 27. c4 dxc4 28. Rd1 Kf7 29. Ra1 Nc5 30. Ra7 Kf6 31. f3 g5 32. Na2 h5 33. Nc3 h4 34. gxh4 gxh4 35. Na4 Nb3 36. Rxb7 Rd8 37. Kc3 Rg8 38. Rh7 Rxg2 39. Bxc4 Bxc4 40. Kxc4 Nd2+ 41. Kd5 Nxf3 42. b6 Rg8 43. b7 Kg6 44. Rc7 h3 45. Nb6 h2 46. Rc1 Ng1 47. Rc6+ Kg5 48. Nc8 h1=Q+ 49. Kd6 Nh3 50. b8=Q Rg6+ 51. Ke7 Qxc6 52. Nd6 Qxd6+ 53. Qxd6 Rxd6 54. Kxd6 e4 55. Ke5 Ng1 56. Kd4 Nf3+ 57. Kd5 Kg4 58. Kc4 f4 59. exf4 Kxf4 60. Kc3 e3 61. Kd3 Ne5+ 62. Ke2 Ke4 63. Ke1 Nc6 64. Ke2 Nd4+ 65. Ke1 Kd3 66. Kd1 e2+ 67. Ke1 Nc2+ 68. Kf2 e1=Q+ 69. Kf3 Qe4+ 70. Kg3 Ne3 71. Kf2 Qg2+ 72. Ke1 Qe2# 0-1


[Site "https://www.chess.com"]

[Event "Titled Tuesday Blitz August 15 Early 2023"]
[White "Mikhaylova, Irina"]
[Black "Yelisieiev, Yevhenii"]
[WhiteFideId "4109040"]
[BlackFideId "14139642"]
[WhiteElo "2323"]
[BlackElo "2558"]
[Result "0-1"]
[Round "8"]
[TimeControl "180+1"]
[Date "2023.08.15"]
[WhiteClock "0:00:12"]
[BlackClock "0:01:00"]
[Board "85"]

1. d4 d6 2. Nf3 Nf6 3. c4 Nbd7 4. Nc3 e5 5. e4 Be7 6. Be2 O-O 7. O-O c6 8. Be3 a6 9. d5 cxd5 10. cxd5 b5 11. Nd2 b4 12. Na4 a5 13. Rc1 Ba6 14. Bxa6 Rxa6 15. Rc6 Rxc6 16. dxc6 Nc5 17. Nxc5 dxc5 18. Qc2 Qd6 19. Nc4 Qxc6 20. f3 Qc7 21. Qa4 Ra8 22. Rd1 h6 23. b3 Rd8 24. Rxd8+ Bxd8 25. Qb5 Nd7 26. Kf2 Kh7 27. g3 f6 28. h4 h5 29. Bd2 g5 30. Ne3 Nf8 31. Nd5 Qd7 32. Qxd7+ Nxd7 33. hxg5 fxg5 34. Be3 Kg6 35. g4 h4 36. Kg2 Kf7 37. Bf2 Ke6 38. Ne3 Nb6 39. Be1 Kd6 40. Bd2 Kc6 41. Nf5 c4 42. bxc4 Nxc4 43. Bc1 a4 44. Nh6 b3 45. axb3 axb3 46. Nf7 Bf6 47. Nh6 b2 48. Bxb2 Nxb2 49. Nf5 Nd3 50. Ne3 Nf4+ 51. Kh2 Kc5 52. Nc2 Kc4 53. Na3+ Kd3 54. Nb5 Ke3 55. Nc7 Kxf3 56. Nd5 Nxd5 0-1


[Site "https://www.chess.com"]

[Event "Titled Tuesday Blitz August 15 Early 2023"]
[White "Bashirli, Saadat"]
[Black "bteillet"]
[WhiteFideId "13429990"]
[WhiteElo "2370"]
[BlackElo "2280"]
[Result "1-0"]
[Round "8"]
[TimeControl "180+1"]
[Date "2023.08.15"]
[WhiteClock "0:00:21"]
[BlackClock "0:00:25"]
[Board "86"]

1. d4 d6 2. e3 Nf6 3. Bd3 g6 4. c3 Bg7 5. f4 O-O 6. Nf3 c5 7. O-O Bg4 8. Nbd2 Nc6 9. h3 Bd7 10. Qe2 Qc7 11. b3 e5 12. Bb2 Rae8 13. fxe5 dxe5 14. e4 exd4 15. cxd4 Nxd4 16. Nxd4 cxd4 17. Qf2 Bc6 18. Rfe1 Rd8 19. Rac1 Qd7 20. Nc4 Rfe8 21. e5 Nh5 22. g4 b5 23. Na5 Bxe5 24. Nxc6 Qxc6 25. Rxc6 Nf4 26. Qf3 f6 27. Bxb5 Re7 28. Bc4+ Kg7 29. Ba3 Rb7 30. Rxf6 Bxf6 31. Qxb7+ Kh6 32. Qf3 Bg5 33. Bc1 Rf8 34. h4 Bxh4 35. Bxf4+ g5 36. Re6+ Kg7 37. Be5+ Kg8 38. Rg6# 1-0


[Site "https://www.chess.com"]

[Event "Titled Tuesday Blitz August 15 Early 2023"]
[White "Weetik, Vjacheslav"]
[Black "EvgenyBurmakin"]
[WhiteFideId "4153472"]
[WhiteElo "2721"]
[BlackElo "2291"]
[Result "0-1"]
[Round "8"]
[TimeControl "180+1"]
[Date "2023.08.15"]
[WhiteClock "0:00:00"]
[BlackClock "0:00:07"]
[Board "87"]

1. e4 c5 2. Nf3 d6 3. d4 cxd4 4. Nxd4 Nf6 5. Nc3 a6 6. Be3 e6 7. g4 Be7 8. g5 Nfd7 9. h4 Qc7 10. f4 b5 11. a3 Bb7 12. Bg2 Nc6 13. O-O Na5 14. Nce2 Nc4 15. Bc1 Nc5 16. Ng3 g6 17. b3 Nb6 18. f5 e5 19. Nde2 d5 20. f6 Bd6 21. exd5 O-O-O 22. Be3 e4 23. Nxe4 Nxe4 24. Bxe4 Nxd5 25. Bd4 Rhe8 26. Qd3 Kb8 27. Bf3 Nf4 28. Nxf4 Bxf4 29. Bxb7 Bh2+ 30. Kh1 Qxb7+ 31. Kxh2 Qc7+ 0-1


[Site "https://www.chess.com"]